 Dungeon Crawl Stone Soup version 0.24-a0-459-g225fefd530 (webtiles) character file.

Game seed: 8421529598795229464

115 Krouwed the Chucker (level 5, -2/53 HPs)
             Began as an Ogre Hunter on June 28, 2019.
             Slain by a bullfrog (3 damage)
             ... on level 2 of the Dungeon.
             The game lasted 00:06:06 (1717 turns).

Krouwed the Chucker (Ogre Hunter)                   Turns: 1717, Time: 00:06:07

Health: -2/53      AC:  3    Str: 17    XL:     5   Next: 0%
Magic:  5/5        EV: 10    Int: 15    God:
Gold:   85         SH:  0    Dex:  9    Spells: 4/4 levels left

rFire    . . .     SeeInvis .   m - +0 whip
rCold    . . .     Gourm    .   (no shield)
rNeg     . . .     Faith    .   b - +0 robe
rPois    .         Spirit   .   (helmet restricted)
rElec    .         Reflect  .   (no cloak)
rCorr    .         Harm     .   (gloves unavailable)
MR       .....                  (boots unavailable)
Stlth    +.........             (no amulet)
HPRegen  0.17/turn              k - +3 ring of intelligence
MPRegen  0.09/turn              (no ring)

@: very slightly contaminated
A: large, unfitting armour, tough skin 1
a: no special abilities


You were on level 2 of the Dungeon.
You were not hungry.

You visited 1 branch of the dungeon, and saw 2 of its levels.

You collected 85 gold pieces.

Inventory:

Hand Weapons
 m - a +0 whip (weapon)
Missiles
 e - 137 stones (quivered)
 g - a throwing net
Armour
 b - a +0 robe (worn)
Jewellery
 k - a +3 ring of intelligence (left hand)
Scrolls
 h - a scroll of enchant weapon {unknown}
 j - a scroll of blinking
 l - a scroll of fear {unknown}
 o - 2 scrolls of immolation
 p - a scroll of remove curse {unknown}
Potions
 i - a potion of ambrosia
 n - a potion of cancellation
Comestibles
 d - 5 chunks of flesh
 f - 9 rations


   Skills:
 - Level 3.5 Fighting
 + Level 2.8 Maces & Flails
 - Level 4.3 Throwing
 - Level 2.3 Dodging
 - Level 0.6 Stealth


You had 4 spell levels left.
You didn't know any spells.
Your spell library was empty.

Dungeon Overview and Level Annotations

Branches:
Dungeon (2/15)

Altars:


Innate Abilities, Weirdness & Mutations

You are too large for most types of armour.
You have tough skin. (AC +1)


Message History

The bullfrog hits you. x2
You hit the bullfrog.
The bullfrog is heavily wounded.
The bullfrog hits you!
* * * LOW HITPOINT WARNING * * *
As you read the scroll labeled OCOSEV SANYDGHIRCH, it crumbles to dust.
The creatures around you are filled with an inner flame!
It was a scroll of immolation.
The bullfrog misses you. The bullfrog hits you!
* * * LOW HITPOINT WARNING * * *
Okay, then.
Okay, then.
As you read the scroll labeled ETOHYUMA ATA, it crumbles to dust.
The scroll dissolves into smoke.
It was a scroll of fog.
The bullfrog completely misses you.
Blink to where?
Press: ? - help, Dir - move target cursor, p - bullfrog You are very lightly contaminated with residual magic.
As you read the scroll labeled QEZAIC BER KOR, it crumbles to dust.
It was a scroll of blinking.
The bullfrog hits you.
You die...

......>#.###...##...##
.#.#.#.#.#....##⌠.<.⌠##
.#.#.#.#.###.##.......#
.#.#.........##.<.⌠.>.#
...#.........##.......#
####....#.....##⌠...⌠#
# #†#.##......##§§§## #
#.#.####...§§##K##
####.#.# #...§§@F§#
.....#.# #...§#####
######.# ###### .# #.#
.#####.#######
...##........#
.....PPP.....#
..P≈≈≈P≈P....#
.≈P≈≈≈♣≈P#####


You could see a bullfrog (inner flame) and a kobold (inner flame).

Vanquished Creatures
  Jessica (D:2)
  Terence (D:2)
  2 adders (D:2)
  2 worms (D:2)
  2 dart slugs (D:2)
  A leopard gecko (D:1)
  6 bats
  2 giant cockroaches (D:1)
  4 goblins
  A hobgoblin (D:1)
  9 kobolds
  A quokka (D:1)
  5 frilled lizards
  6 rats
43 creatures vanquished.

Notes
Turn   | Place    | Note
-------+----------+-------------------------------------------
     0 | D:1      | Krouwed the Ogre Hunter began the quest for the Orb.
     0 | D:1      | Reached XP level 1. HP: 22/22 MP: 1/1
   194 | D:1      | Reached XP level 2. HP: 31/31 MP: 2/2
   660 | D:2      | Reached XP level 3. HP: 37/37 MP: 3/3
  1265 | D:2      | Noticed Terence
  1281 | D:2      | Killed Terence
  1281 | D:2      | Reached skill level 1 in Maces & Flails
  1281 | D:2      | Reached XP level 4. HP: 40/45 MP: 4/4
  1318 | D:2      | Noticed Jessica
  1319 | D:2      | Killed Jessica
  1607 | D:2      | Reached XP level 5. HP: 52/53 MP: 5/5
  1715 | D:2      | HP: 1/53 [bullfrog (7)]
  1717 | D:2      | Slain by a bullfrog

Levels and vault maps discovered:
D:1:      minmay_arrival_up_and_down, layout_basic, grunt_decor_fettered
D:2:      layout_basic, kennysheep_ying_yang, first_ration, grunt_ministairs_7,
          st_stairs_2, minmay_misc_feat_x, serial_bayou_pond_c, uniq_sigmund,
          uniq_terence, uniq_jessica

Skill      XL: |  1  2  3  4 |
---------------+-------------+-----
Fighting       | 3 |  3.5
Dodging        | 2 |  2.3
Maces & Flails | 1 2 |  2.8
Throwing       | |  4.3
Stealth        | |  0.6

Action                   |  1- 3 |  4- 6 || total
-------------------------+-------+-------++-------
Melee: Short sword       |    27 |       ||    27
       Whip              |    42 |    26 ||    68
Throw: Large rock        |    38 |    10 ||    48
       Stone             |    37 |     3 ||    40
       Throwing net      |     2 |       ||     2
  Use: Potion            |     1 |       ||     1
       Scroll            |       |     6 ||     6
 Stab: Sleeping          |     1 |       ||     1
  Eat: Chunk             |     1 |     2 ||     3
Armor: Robe              |    37 |    12 ||    49
Dodge: Dodged            |    68 |    27 ||    95

Table legend:
 A = Non-vault XP
 B = Vault XP
 C = Vault XP percentage of total XP
 D = Non-vault monster count
 E = Vault monster count
 F = Vault count percentage of total count
                 A         B        C        D         E       F
            +---------+---------+-------+---------+---------+-------
      Total |      90 |      75 |  45.5 |      39 |       4 |   9.3
            +---------+---------+-------+---------+---------+-------
        D:1 |      34 |       0 |   0.0 |      20 |       0 |   0.0
        D:2 |      56 |      75 |  57.3 |      19 |       4 |  17.4
            +---------+---------+-------+---------+---------+-------
